Map: Alcyone LE

Players

MaxPax

  • Race: Protoss Protoss
  • League: Grandmaster
  • Spawn Location: 7:00

LiquidMaNa (MaNa) - Winner!

  • Race: Protoss Protoss
  • League: Grandmaster
  • Spawn Location: 1:00

VOD

Have the link to the VOD?

Description

Time

  • Played on: Nov. 21, 2023, 11:02 a.m.
  • Length: 6:31
Show
View Real Time Build Order
Export as new Build Order

MaxPax Protoss 

Build Orders: Proxy Void Ray 

Get SALT Encoding   

  12  0:00  Probe  
  13  0:12  Probe  
  14  0:17  Pylon  
  14  0:24  Probe (Chrono Boost)  
  16  0:36  Gateway, Probe (Chrono Boost)  
  16  0:43  Probe (Chrono Boost)  
  16  0:46  Assimilator  
  17  0:51  Probe  
  17  0:54  Assimilator  
  18  1:03  Probe (Chrono Boost)  
  19  1:05  Pylon  
  19  1:14  Probe (Chrono Boost)  
  20  1:19  Probe (Chrono Boost)  
  20  1:23  Cybernetics Core  
  21  1:29  Probe  
  22  1:33  Zealot  
  24  1:41  Probe  
  25  1:53  Probe  
  26  1:59  Stargate  
  26  2:00  Adept  
  28  2:07  Warp Gate  
  28  2:26  Nexus  
  28  2:31  Pylon  
  28  2:38  Stalker  
  30  3:02  Shield Battery, Void Ray (Chrono Boost)  
  32  3:06  Probe  
  33  3:14  Stalker  
  35  3:30  Void Ray (Chrono Boost)  
  39  3:36  Shield Battery  
  39  3:43  Probe  
  39  3:44  Probe  
  41  3:51  Robotics Facility  
  41  3:55  Probe  
  42  4:08  Probe  
  43  4:14  Probe, Void Ray (Chrono Boost)  
  47  4:20  Pylon  
  47  4:22  Probe  
  48  4:26  Probe  
  49  4:32  Stalker  
  49  4:37  Probe  
  52  4:42  Pylon, Probe  
  53  4:49  Oracle  
  53  4:50  Probe  
  49  5:03  Immortal (Chrono Boost), Probe  
  48  5:09  Probe  
  48  5:11  Zealot  
  48  5:13  Assimilator  
  51  5:16  Probe  
  52  5:21  Probe  
  52  5:26  Gateway  
  53  5:29  Pylon  
  53  5:35  Immortal (Chrono Boost)  
  53  5:45  Shield Battery  
  53  5:47  Stalker  
  53  5:50  Probe  
  53  5:54  Probe  
  49  6:02  Probe  
  41  6:07  Probe  
  44  6:12  Stalker  
  44  6:15  Probe  
Show
View Real Time Build Order
Export as new Build Order

LiquidMaNa Protoss - Winner!

Build Orders: Blink Stalkers 

Get SALT Encoding   

  12  0:00  Probe  
  13  0:12  Probe  
  14  0:17  Pylon  
  14  0:24  Probe (Chrono Boost)  
  15  0:36  Probe (Chrono Boost)  
  15  0:37  Gateway  
  16  0:44  Probe (Chrono Boost)  
  16  0:46  Assimilator  
  17  0:51  Probe  
  17  0:54  Assimilator  
  18  1:03  Probe  
  19  1:08  Gateway  
  19  1:15  Probe  
  20  1:24  Cybernetics Core  
  20  1:27  Probe  
  21  1:36  Pylon  
  21  1:39  Probe  
  22  1:51  Probe  
  23  1:59  Warp Gate (Chrono Boost)  
  23  2:00  Stalker  
  23  2:01  Stalker  
  27  2:19  Twilight Council  
  27  2:30  Stalker  
  27  2:31  Stalker  
  31  2:47  Pylon  
  31  2:56  Blink (Chrono Boost)  
  31  3:07  Gateway  
  31  3:15  Probe  
  32  3:21  Shield Battery  
  32  3:27  Probe  
  33  3:38  Nexus  
  31  3:43  Stalker x2  
  31  3:46  Probe  
  34  4:04  Probe  
  34  4:06  Stalker x2  
  39  4:16  Pylon  
  39  4:21  Shield Battery  
  39  4:35  Stalker  
  39  4:36  Stalker  
  44  4:40  Stalker  
  46  4:47  Shield Battery  
  46  4:49  Probe  
  36  5:07  Stalker  
  36  5:08  Stalker  
  36  5:13  Stalker  
  42  5:15  Probe  
  42  5:17  Probe  
  44  5:27  Probe  
  45  5:31  Stalker  
  45  5:32  Stalker  
  49  5:36  Probe  
  49  5:41  Probe  
  51  5:48  Stalker, Probe  
  49  5:58  Probe  
  49  6:00  Probe  
  48  6:07  Stalker x2  
  48  6:21  Stalker  
Tags
 
Add a new tag
Caveats
  • Supply blocks, unpowered buildings, or Contaminate may cause inaccurate times.
  • Supply counts are checked every 10 seconds.